 Dungeon Crawl Stone Soup version 0.19-a0-1015-ge643222 (webtiles) character file.

7259 HenryFlower the Bludgeoner (level 10, -2/77 HPs)
             Began as a Minotaur Fighter on July 24, 2016.
             Was a High Priest of Makhleb.
             Slain by a polar bear (3 damage)
             ... in an ice cave.
             The game lasted 00:18:19 (10402 turns).

HenryFlower the Bludgeoner (Minotaur Fighter)      Turns: 10402, Time: 00:18:20

Health: -2/77      AC: 13    Str: 24    XL:     10   Next: 88%
Magic:  15/15      EV:  4    Int:  5    God:    Makhleb [*****.]
Gold:   575        SH: 10    Dex: 13    Spells: 0 memorised, 9 levels left

rFire  . . .     SeeInvis .     a - +2 morningstar
rCold  . . .     Gourm    .     L - +0 plate armour
rNeg   + . .     Faith    .     c - +0 shield
rPois  .         Spirit   .     (helmet restricted)
rElec  .         Dismiss  .     v - +0 cloak
rCorr  .         Reflect  .     N - +0 pair of gloves {Str+3}
SustAt .         Harm     .     (no boots)
MR     .....                    (no amulet)
Stlth  ..........               F - ring of stealth
                                w - ring of positive energy

@: not resistant to hostile enchantments, extremely unstealthy
A: retaliatory headbutt, horns 2
a: Minor Destruction, Lesser Servant of Makhleb, Major Destruction, Greater
Servant of Makhleb, Renounce Religion


You were in an ice cave.
You worshipped Makhleb.
Makhleb was extremely pleased with you.
You were not hungry.

You visited 1 branch of the dungeon, and saw 10 of its levels.
You also visited: Ice Cave.

You collected 575 gold pieces.

Inventory:

Hand Weapons
 a - a +2 morningstar (weapon)
 b - a +0 flail
Armour
 c - a +0 shield (worn)
 v - a +0 cloak (worn)
 L - a +0 plate armour (worn)
 N - a +0 pair of gloves of strength (worn)
Jewellery
 w - a ring of positive energy (left hand)
 F - a ring of stealth (right hand)
 G - an uncursed ring of see invisible
Wands
 k - a wand of polymorph (14/24)
 x - a wand of acid (9/15)
 y - a wand of acid (7/15)
 A - a wand of confusion (30/48)
 K - a wand of lightning (10/15)
 M - a wand of confusion (15/48)
Scrolls
 d - a scroll of fear {unknown}
 e - 3 scrolls of random uselessness {unknown}
 j - 3 scrolls of remove curse {unknown}
 l - 2 scrolls of recharging {unknown}
 n - 3 scrolls of fog {unknown}
 o - a scroll of noise {unknown}
 q - 3 scrolls of amnesia {unknown}
 r - a scroll of blinking {unknown}
 s - 2 scrolls of magic mapping {unknown}
 E - a scroll of teleportation {unknown}
 H - 2 scrolls of enchant weapon {unknown}
Potions
 h - a potion of invisibility
 i - a potion of magic
 m - a potion of haste
 u - a potion of ambrosia
 z - a potion of cancellation
 C - a potion of berserk rage {unknown}
 D - a potion of cure mutation {unknown}
 J - a potion of heal wounds {unknown}
Books
 t - a book of Callings

   Spells                             Type                      Level
   a - Summon Small Mammal            Summoning                    1
   b - Call Imp                       Summoning                    2
   c - Call Canine Familiar           Summoning                    3
   d - Summon Guardian Golem          Hexes/Summoning              3
   e - Summon Lightning Spire         Summoning/Air                4
   f - Summon Ice Beast               Ice/Summoning                4
 I - a book of Dreams

   Spells                             Type                      Level
   a - Ensorcelled Hibernation        Hexes/Ice                    2
   b - Silence                        Hexes/Air                    5
   c - Darkness                       Hexes                        6
   d - Shadow Creatures               Summoning                    6
Comestibles
 f - 8 bread rations
 g - 3 meat rations
 p - 2 slices of pizza
 O - 6 beef jerkies


   Skills:
 - Level 3.6 Fighting
 * Level 16.0 Maces & Flails
 - Level 3.6 Armour
 - Level 3.6 Shields
 + Level 9.0 Invocations


You had 9 spell levels left.
You didn't know any spells.

Dungeon Overview and Level Annotations

Branches:
Dungeon (9/15)             Temple (0/1) D:4
   Lair: D:8-11         Orc: D:9-12

Altars:
Dithmenos
Fedhas
Gozag
Makhleb
Okawaru
Qazlal
Ru
Uskayaw
Xom
The Shining One


Innate Abilities, Weirdness & Mutations

You reflexively headbutt those who attack you in melee.
You have a pair of horns on your head.


Message History

You barely miss the polar bear. You headbutt the polar bear.
The polar bear is moderately wounded.
Your shield and plate armour prevent you from hitting the polar bear.
Your headbutt misses the polar bear.
The polar bear is moderately wounded.
The polar bear barely misses you. x2
The polar bear claws you but does no damage.
You puncture the polar bear!
The polar bear is heavily wounded.
You block the polar bear's attack.
The polar bear claws you but does no damage. x2
You puncture the polar bear!
The polar bear is almost dead.
You block the polar bear's attack. x2; The polar bear barely misses you.
You barely miss the polar bear.
The polar bear is almost dead.
The polar bear bites you!
* * * LOW HITPOINT WARNING * * *
The polar bear claws you.
You die...

##...# ##..# #..## #..#
### ##..# #..## ##...#
#..#####...## .##
###..h##....# #..#
#####...##@.#...#
....###.##..#######...#
#†.....#..# #.###
########### ###


You could see a polar bear.

Vanquished Creatures
  Pikel (D:6)
  A two-headed ogre (D:8)
  7 polar bears (IceCv)
  Sigmund (D:2)
  2 yaks (IceCv)
  A hungry ghost (D:8)
  A black bear (D:6)
  9 ice beasts
  A phantom (D:7)
  4 slaves (D:4)
  5 ogres
  7 wolves (IceCv)
  3 centaurs
  A big kobold (D:8)
  Blork the orc (D:6)
  2 giant frogs
  3 scorpions
  A water moccasin skeleton (D:6)
  6 killer bees (D:11)
  4 wights (D:7)
  4 howler monkeys
  2 centaur zombies
  3 crimson imps
  A quasit (D:6)
  3 hounds
  3 jellies
  6 orc wizards
  7 orc priests
  A giant frog skeleton (D:11)
  4 iguanas
  Natasha (D:2)
  4 worker ants
  2 hound zombies
  2 hound skeletons
  A howler monkey zombie (D:8)
  5 gnolls
  10 adders
  2 oozes
  3 adder skeletons
  An adder zombie (D:7)
  3 worms
  3 dart slugs
  2 giant geckos
  23 orcs
  5 bats
  2 giant cockroaches
  7 goblins
  5 hobgoblins
  21 jackals
  6 kobolds
  2 quokkas (D:8)
  A ball python (D:1)
  2 ball python skeletons (D:4)
  A giant gecko skeleton (D:4)
  5 giant newts
  A quokka skeleton (D:6)
  14 rats
229 creatures vanquished.

Notes
Turn   | Place    | Note
-------+----------+-------------------------------------------
     0 | D:1      | HenryFlower the Minotaur Fighter began the quest for the Orb.
     0 | D:1      | Reached XP level 1. HP: 19/19 MP: 0/0
   155 | D:1      | Reached skill level 3 in Maces & Flails
   169 | D:1      | Reached XP level 2. HP: 9/26 MP: 1/1
   896 | D:1      | Reached skill level 4 in Maces & Flails
   928 | D:1      | Reached XP level 3. HP: 23/31 MP: 2/2
  1871 | D:2      | Noticed Sigmund
  1877 | D:2      | Killed Sigmund
  1877 | D:2      | Reached skill level 7 in Maces & Flails
  1877 | D:2      | Reached XP level 4. HP: 17/39 MP: 3/3
  1877 | D:2      | Reached XP level 5. HP: 19/45 MP: 4/4
  2231 | D:2      | Found a burning altar of Makhleb.
  2231 | D:2      | Noticed a cacodemon
  2234 | D:2      | Noticed an orange demon
  2234 | D:2      | Noticed a hellwing
  2236 | D:2      | Became a worshipper of Makhleb the Destroyer
  2334 | D:2      | Noticed Natasha
  2342 | D:2      | Killed Natasha
  2342 | D:2      | Reached XP level 6. HP: 41/51 MP: 5/5
  3119 | D:3      | Reached skill level 1 in Invocations
  3126 | D:3      | Reached skill level 8 in Maces & Flails
  3155 | D:3      | Found an iron altar of Okawaru.
  3239 | D:3      | Reached * piety under Makhleb
  3517 | D:4      | Noticed a slave
  3517 | D:4      | Noticed a slave
  3518 | D:4      | Noticed a slave
  3520 | D:4      | Noticed Pikel
  3520 | D:4      | Noticed a slave
  3559 | D:4      | Killed a slave
  3570 | D:4      | Killed a slave
  3579 | D:4      | Killed a slave
  4025 | D:4      | Reached XP level 7. HP: 10/57 MP: 7/7
  4386 | D:4      | Found a staircase to the Ecumenical Temple.
  4398 | D:4      | Found a hide-covered altar of Uskayaw.
  4434 | D:4      | Reached skill level 9 in Maces & Flails
  4739 | D:4      | Reached ** piety under Makhleb
  5245 | D:5      | Entered Level 5 of the Dungeon
  5444 | D:5      | Reached skill level 10 in Maces & Flails
  5541 | D:5      | Reached XP level 8. HP: 64/64 MP: 9/9
  5692 | D:5      | Found a stormy altar of Qazlal.
  5923 | D:5      | Found a blossoming altar of Fedhas.
  6374 | D:6      | Reached skill level 11 in Maces & Flails
  6382 | D:6      | Noticed Blork the orc
  6385 | D:6      | Found a sacrificial altar of Ru.
  6391 | D:6      | Killed Blork the orc
  6461 | D:6      | Killed Pikel
  6461 | D:6      | Reached skill level 12 in Maces & Flails
  6461 | D:6      | Reached skill level 5 in Invocations
  6471 | D:6      | Reached *** piety under Makhleb
  6800 | D:6      | Reached XP level 9. HP: 70/70 MP: 12/12
  7934 | D:7      | Reached skill level 13 in Maces & Flails
  7936 | D:7      | Found a glowing golden altar of the Shining One.
  8615 | D:8      | Reached **** piety under Makhleb
  8812 | D:8      | Found a shadowy altar of Dithmenos.
  8959 | D:8      | Found an opulent altar of Gozag.
  9115 | D:8      | Reached skill level 14 in Maces & Flails
  9480 | D:8      | Reached XP level 10. HP: 69/77 MP: 14/14
  9547 | D:9      | You fall through a shaft for 2 floors!
  9663 | D:11     | Found a shimmering altar of Xom.
  9687 | D:11     | Found a frozen archway.
  9729 | IceCv    | Entered an ice cave
  9910 | IceCv    | Reached skill level 15 in Maces & Flails
  9972 | IceCv    | Reached ***** piety under Makhleb
 10393 | IceCv    | Reached skill level 16 in Maces & Flails
 10402 | IceCv    | HP: 1/77 [polar bear (14)]
 10402 | IceCv    | Slain by a polar bear

Vault maps used:
D:1:      dpeg_arrival_arbitrary_a, hangedman_decor_lopped
D:2:      makhleb_altar_promises_db, uniq_natasha, uniq_sigmund
D:3:      lemuel_crystal_altar, serial_bayou_pond_d, kennysheep_pointless_box,
          hangedman_glass_teeth
D:4:      kennysheep_mini_moat, first_bread, uniq_pikel
D:5:      nicolae_overflow_hidden_temple, kennysheep_little_box,
          grunt_ministairs_7
D:6:      lemuel_doored_altar, item_on_display_a, uniq_blork_the_orc
D:7:      marbit_many_paths, minmay_misc_feat_chi
D:8:      nicolae_dithmenos_the_darkroom, grunt_ogre_cave,
          nicolae_gozag_seed_capital
D:9:      tgw_xom, basic_altar
D:11:     serial_shops, nicolae_shop_overgrown_old_shop,
          portal_ice_cave_entry_ice_beasts, basic_altar, enter_trove_0,
          kennysheep_diamond, lemuel_flame_loot_1
IceCv:    ice_cave_caverns_01

Skill      XL: |  1  2  3  4  5  6  7  8  9 10 |
---------------+-------------------------------+-----
Maces & Flails | 3 4 7 8 10 12 14 16 | 16.0
Invocations    | 2 3 5 7 9 |  9.0
Fighting       | |  3.6
Armour         | |  3.6
Shields        | |  3.6

Action                   |  1- 3 |  4- 6 |  7- 9 | 10-12 || total
-------------------------+-------+-------+-------+-------++-------
Melee: Flail             |   111 |   154 |   321 |       ||   586
       Headbutt          |    13 |    25 |    93 |    33 ||   164
       Morningstar       |       |       |    96 |   171 ||   267
  Use: Potion            |     1 |     1 |     4 |     2 ||     8
       Scroll            |       |       |     6 |       ||     6
  Eat: Chunk             |     3 |     7 |    18 |     3 ||    31
       Beef jerky        |       |       |     1 |       ||     1
Armor: Scale mail        |    63 |    47 |    75 |       ||   185
       Plate armour      |       |       |    89 |   116 ||   205
Dodge: Dodged            |    35 |    37 |    73 |    40 ||   185
Block: Shield            |    72 |    63 |   157 |   118 ||   410
